 Dungeon Crawl Stone Soup version 0.23.2-1-ga50397a (webtiles) character file.

Game seed: 3412022407464706268

20003 Kahsius the Cleaver (level 12, -6/112 HPs)
             Began as a Minotaur Berserker on Apr 25, 2019.
             Was an Elder of Trog.
             Mangled by a spiny frog (15 damage)
             ... on level 6 of the Lair of Beasts.
             The game lasted 00:43:31 (13529 turns).

Kahsius the Cleaver (Minotaur Berserker)           Turns: 13529, Time: 00:43:33

Health: -6/112     AC: 16    Str: 23    XL:     12   Next: 41%
Magic:  11/11      EV:  9    Int:  4    God:    Trog [****..]
Gold:   831        SH: 12    Dex: 14    Spells: 11/11 levels left

rFire    + . .     SeeInvis .   p - +1 hand axe (vamp)
rCold    . . .     Gourm    .   y - +0 large shield
rNeg     . . .     Faith    .   q - +1 chain mail
rPois    .         Spirit   .   (helmet restricted)
rElec    .         Reflect  .   j - +0 cloak
rCorr    .         Harm     .   g - +0 pair of gloves
MR       +....                  (no boots)
Stlth    ..........             (no amulet)
HPRegen  0.28/turn              e - ring of protection from fire
MPRegen  0.12/turn              H - ring of protection from magic

@: lethally poisoned (-6 -> -17), about to teleport, berserk cooldown, slowed,
very slow
A: retaliatory headbutt, horns 2
a: Berserk, Trog's Hand, Brothers in Arms, Renounce Religion


You were on level 6 of the Lair of Beasts.
You worshipped Trog.
Trog was greatly pleased with you.
You were near starving.

You visited 3 branches of the dungeon, and saw 14 of its levels.

You collected 831 gold pieces.

Inventory:

Hand Weapons
 p - a +1 vampiric hand axe (weapon)
 s - a +2 shortbow of freezing
 O - a +6 blowgun
Missiles
 w - 169 arrows
Armour
 g - a +0 pair of gloves (worn)
 j - a +0 cloak (worn)
 q - a +1 chain mail (worn)
 y - a +0 large shield (worn)
Jewellery
 e - a ring of protection from fire (left hand)
 i - an uncursed ring of see invisible
 t - an uncursed ring of positive energy {unknown}
 u - a +3 ring of intelligence
 x - an uncursed ring of ice
 z - an uncursed ring of magical power
 H - a ring of protection from magic (right hand)
 P - the ring "Cuosez" {+Inv MR+ Str-5 Dex+4 Slay+3, unknown}
   (You found it on level 5 of the Lair of Beasts)

   [ring of dexterity]

   It affects your strength (-5).
   It affects your dexterity (+4).
   It affects your accuracy and damage with ranged weapons and melee attacks
   (+3).
   It affects your resistance to hostile enchantments.
   It lets you turn invisible.
 S - a cursed -2 ring of dexterity {unknown}
 T - an uncursed amulet of harm {unknown}
Wands
 A - a wand of scattershot (12)
 B - a wand of enslavement (20)
 D - a wand of acid (22)
 F - a wand of random effects (34)
 J - a wand of disintegration (47)
 L - a wand of iceblast (10)
Scrolls
 a - 7 scrolls of identify
 d - 8 scrolls of remove curse
 k - 4 scrolls of immolation
 m - 2 scrolls of teleportation
 r - 3 scrolls of amnesia
 E - a scroll of noise {unknown}
 I - a scroll of vulnerability {unknown}
 N - a scroll of random uselessness {unknown}
 Q - a scroll of magic mapping {unknown}
 R - a scroll of fear {unknown}
Potions
 b - 3 potions of invisibility
 f - 6 potions of curing
 h - 3 potions of heal wounds
 l - a potion of haste {unknown}
 n - 3 potions of lignification
 o - 2 potions of ambrosia {unknown}
 v - 2 potions of brilliance {unknown}
 C - a potion of cancellation {unknown}
 G - 2 potions of flight {unknown}
 K - a potion of resistance {unknown}
 M - a potion of might {unknown}
 U - a potion of magic {unknown}
Comestibles
 c - 23 rations
 V - 3 chunks of flesh


   Skills:
 + Level 12.1 Fighting
 - Level 14.0 Axes
 + Level 11.9 Armour
 + Level 11.0 Dodging


You had 11 spell levels left.
You didn't know any spells.
Your spell library was empty.

Dungeon Overview and Level Annotations

Branches:
Dungeon (8/15)             Temple (1/1) D:6            Lair (6/6) D:8
 Shoals (0/4) Lair:2        Snake (0/4) Lair:2        Slime (0/5) Lair:6

Altars:
Ashenzari
Cheibriados
Dithmenos
Elyvilon
Fedhas
Gozag
Hepliaklqana
Kikubaaqudgha
Makhleb
Nemelex Xobeh
Okawaru
Qazlal
Ru
Sif Muna
Trog
Uskayaw
Vehumet
Wu Jian
Xom
Yredelemnul
Zin
The Shining One
Jiyva


Innate Abilities, Weirdness & Mutations

You reflexively headbutt those who attack you in melee.
You have a pair of horns on your head.


Message History

The komodo dragon completely misses you.
You furiously retaliate!
You headbutt the komodo dragon.
The blink frog blinks!
An electric eel comes into view.
You hit the komodo dragon but do no damage.
You headbutt the komodo dragon, but do no damage.
The komodo dragon is severely wounded.
You hit the spiny frog.
You feel sick.
A blink frog comes into view.
The spiny frog stings you but does no damage.
The komodo dragon bites you but does no damage.
You barely miss the komodo dragon.
The komodo dragon is severely wounded.
You slash the spiny frog!
You feel better.
You feel sick. You block the spiny frog's attack. The komodo dragon bites you!
* * * LOW HITPOINT WARNING * * *
As you read the scroll of teleportation, it crumbles to dust.
You feel strangely unstable.
You feel sick. The spiny frog stings you!
* * * LOW HITPOINT WARNING * * *
The blink frog blinks!
The spiny frog stings you!
You die...

## ##.###### ###
##.##....#..##..##
........<..............
.......................
.......................
.......................
.......................
..........††..†@l.F....
..............†.F§.....
.......†††...####.≈.≈..
.......†.##### ≈...P.
.......### P≈≈≈.
....... ≈≈≈≈≈ ....y..
#≈≈≈ ...y..F ##≈
.......


You could see a komodo dragon, a spiny frog and a blink frog.

Vanquished Creatures
  Harold (D:7)
  Sonja (Lair:3)
  A manticore (Lair:2)
  2 rime drakes (Lair:5)
  10 spiny frogs
  2 komodo dragons
  5 blink frogs
  6 hippogriffs
  3 dream sheep (Lair:5)
  A basilisk (Lair:5)
  2 wyverns
  2 steam dragons (D:6)
  A hungry ghost (D:8)
  13 yaks
  6 vampire mosquitoes (Lair:6)
  Menkaure (D:7)
  3 nagas (Lair:2)
  6 water moccasins
  5 porcupines
  3 black bears
  3 orc warriors
  3 ice beasts
  3 sky beasts (D:7)
  An eye of draining (D:8)
  4 ogres
  A necrophage (D:8)
  4 wolves (Lair:2)
  2 centaurs
  A big kobold (D:5)
  7 crocodiles
  20 bullfrogs
  2 scorpions
  A water moccasin skeleton (D:8)
  5 killer bees (D:7)
  2 electric eels (Lair:5)
  5 howler monkeys
  4 crimson imps
  4 hounds
  A bullfrog skeleton (D:5)
  2 jellies
  4 orc priests
  4 iguanas
  4 orc wizards
  7 worker ants
  Terence (D:2)
  3 killer bee zombies
  2 worker ant zombies
  13 adders
  3 gnolls (D:7)
  A shadow imp (D:5)
  An ooze (D:1)
  A worm (D:5)
  A dart slug (D:1)
  9 leopard geckos
  14 orcs
  6 ball pythons
  5 bats
  9 giant cockroaches
  3 goblins
  7 hobgoblins
  5 jackals
  4 quokkas
  6 frilled lizards
  8 kobolds
  A quokka skeleton (D:4)
  8 rats
  A fungus (Lair:5)
280 creatures vanquished.

Vanquished Creatures (collateral kills)
  A lindwurm (Lair:5)
  3 spiny frogs (Lair:6)
  The ghost of Tramtrist the Skirmisher, a novice GrBe of Trog (D:5)
  A dream sheep (Lair:5)
  2 blink frogs (Lair:6)
  A water moccasin (Lair:6)
  A bullfrog (Lair:6)
  An electric eel (Lair:5)
11 creatures vanquished.

Vanquished Creatures (others)
  6 fungi
  11 plants
17 creatures vanquished.

Grand Total: 308 creatures vanquished

Notes
Turn   | Place    | Note
-------+----------+-------------------------------------------
     0 | D:1      | Kahsius the Minotaur Berserker began the quest for the Orb.
     0 | D:1      | Reached XP level 1. HP: 19/19 MP: 0/0
   493 | D:1      | Reached XP level 2. HP: 26/27 MP: 1/1
   503 | D:1      | Reached skill level 4 in Axes
   978 | D:1      | Reached XP level 3. HP: 27/33 MP: 2/2
  1214 | D:2      | Noticed Terence
  1223 | D:2      | Killed Terence
  1264 | D:2      | Reached ** piety under Trog
  2197 | D:3      | Reached XP level 4. HP: 40/40 MP: 3/3
  2256 | D:3      | Found a shadowy altar of Dithmenos.
  2899 | D:3      | Reached skill level 5 in Axes
  3009 | D:4      | Reached XP level 5. HP: 43/47 MP: 4/4
  3075 | D:4      | Reached *** piety under Trog
  3351 | D:4      | Reached XP level 6. HP: 55/55 MP: 5/5
  3442 | D:4      | Reached skill level 5 in Fighting
  3449 | D:4      | Reached skill level 6 in Axes
  3518 | D:4      | Noticed an orc warrior
  3526 | D:4      | Killed an orc warrior
  3605 | D:4      | Reached XP level 7. HP: 39/61 MP: 6/6
  4031 | D:5      | Entered Level 5 of the Dungeon
  4087 | D:5      | Reached skill level 7 in Axes
  4097 | D:5      | Reached skill level 5 in Armour
  4340 | D:5      | Reached XP level 8. HP: 42/70 MP: 7/7
  4446 | D:5      | Reached skill level 8 in Axes
  4446 | D:5      | Reached skill level 5 in Dodging
  4459 | D:5      | Reached **** piety under Trog
  4979 | D:5      | Found a runed translucent door.
  4979 | D:5      | Noticed Tramtrist's ghost (novice GrBe)
  5005 | D:5      | Killed Tramtrist's ghost
  5005 | D:5      | Reached skill level 9 in Axes
  5533 | D:6      | Reached XP level 9. HP: 79/79 MP: 8/8
  6081 | D:6      | Found a staircase to the Ecumenical Temple.
  6140 | Temple   | Entered the Ecumenical Temple
  6421 | D:7      | Reached skill level 10 in Axes
  6919 | D:7      | Noticed Harold
  6949 | D:7      | Killed Harold
  6949 | D:7      | Reached skill level 11 in Axes
  6949 | D:7      | Reached XP level 10. HP: 31/90 MP: 9/9
  6962 | D:7      | Noticed Menkaure
  6968 | D:7      | Killed Menkaure
  7595 | D:8      | Found a staircase to the Lair.
  7974 | Lair:1   | Entered Level 1 of the Lair of Beasts
  8016 | Lair:1   | Reached skill level 12 in Axes
  8174 | Lair:1   | Noticed a spiny frog
  8183 | Lair:1   | Killed a spiny frog
  8337 | Lair:1   | Noticed a spiny frog
  8352 | Lair:1   | Killed a spiny frog
  8629 | Lair:1   | Reached XP level 11. HP: 76/98 MP: 10/10
  8744 | Lair:1   | Reached skill level 13 in Axes
  8932 | Lair:2   | Reached ***** piety under Trog
  8932 | Lair:2   | Reached skill level 10 in Fighting
  9503 | Lair:2   | Found a staircase to the Snake Pit.
  9671 | Lair:2   | Reached skill level 10 in Armour
  9881 | Lair:2   | Found a staircase to the Shoals.
 10361 | Lair:3   | Noticed Sonja
 10602 | Lair:3   | Killed Sonja
 10942 | Lair:3   | Reached skill level 14 in Axes
 11298 | Lair:3   | You fall through a shaft for 2 floors!
 11380 | Lair:5   | Noticed a lindwurm
 11746 | Lair:5   | Got a sparkling copper ring
 11885 | Lair:5   | Reached skill level 10 in Dodging
 12472 | Lair:5   | Killed a lindwurm
 12472 | Lair:5   | Reached XP level 12. HP: 57/110 MP: 11/11
 13297 | Lair:6   | Entered Level 6 of the Lair of Beasts
 13297 | Lair:6   | Found a staircase to the Slime Pits.
 13297 | Lair:6   | Found a viscous altar of Jiyva.
 13432 | Lair:6   | Noticed a five-headed hydra
 13529 | Lair:6   | Mangled by a spiny frog

Skill      XL: |  1  2  3  4  5  6  7  8  9 10 11 12 |
---------------+-------------------------------------+-----
Axes           | 4 5 6 7 9 11 12 14 | 14.0
Fighting       | 4 5 6 7 8 9 11 12 | 12.1
Armour         | 3 4 5 6 8 9 11 | 11.9
Dodging        | 3 4 6 7 8 10 11 | 11.0

Action                   |  1- 3 |  4- 6 |  7- 9 | 10-12 || total
-------------------------+-------+-------+-------+-------++-------
Melee: Hand axe          |    85 |   123 |   362 |   644 ||  1214
       Headbutt          |    14 |    18 |    73 |   159 ||   264
Invok: Berserk           |     1 |     2 |     6 |     8 ||    17
       Brothers in Arms  |       |       |     1 |     4 ||     5
       Trog's Hand       |       |       |     1 |       ||     1
  Use: Scroll            |       |       |    14 |     4 ||    18
       Potion            |       |       |       |     7 ||     7
 Stab: Distracted        |       |       |       |     1 ||     1
  Eat: Chunk             |     5 |     6 |    15 |    21 ||    47
       Ration            |       |       |     2 |     3 ||     5
Armor: Animal skin       |    11 |       |       |       ||    11
       Chain mail        |    13 |    58 |   160 |   230 ||   461
       Scale mail        |     5 |       |       |       ||     5
Dodge: Dodged            |    40 |    64 |   144 |   164 ||   412
Block: Large shield      |       |       |       |   332 ||   332
